 Dungeon Crawl Stone Soup version 0.27.1-4-g1640c2035a (webtiles) character file.

Game seed: 10090295228988888285

139 zeram the Shield-Bearer (level 5, -8/33 HPs)
             Began as a Gargoyle Fighter on Nov 15, 2021.
             Mangled by an ogre (13 damage)
             ... on level 4 of the Dungeon.
             The game lasted 00:04:55 (2203 turns).

zeram the Shield-Bearer (Gargoyle Fighter)          Turns: 2203, Time: 00:04:55

Health: -8/33      AC: 11    Str: 20    XL:     5   Next: 22%
Magic:  5/5        EV:  7    Int:  9    God:
Gold:   126        SH: 10    Dex:  9    Spells: 4/4 levels left

rFire    . . .     SeeInvis .   g - +3 dagger (vamp)
rCold    . . .     Faith    .   c - +1 kite shield
rNeg     + . .     Spirit   .   b - +0 scale mail
rPois    ∞         Reflect  .   (no helmet)
rElec    +         Harm     .   (no cloak)
rCorr    .         Rampage  .   (no gloves)
Will     .....                  (no boots)
Stlth    ..........             (no amulet)
HPRegen  0.11/turn              (no ring)
MPRegen  0.09/turn              (no ring)

@: mighty
A: sickness immunity, AC +4, negative energy resistance 1, electricity
resistance, torment resistance 1, petrification resistance
a: no special abilities


You were on level 4 of the Dungeon.
You visited 1 branch of the dungeon, and saw 4 of its levels.

You collected 126 gold pieces.

Inventory:

Hand Weapons
 a - a +0 flail
 g - a +3 vampiric dagger (weapon)
Missiles
 f - a throwing net (quivered)
Armour
 b - a +0 scale mail (worn)
 c - a +1 kite shield (worn)
Jewellery
 h - an amulet of magic regeneration
Wands
 o - a wand of flame (11)
Potions
 e - a potion of resistance {unknown}
 i - a potion of heal wounds {unknown}
 j - a potion of berserk rage {unknown}
 k - a potion of brilliance {unknown}
 l - a potion of invisibility {unknown}


   Skills:
 + Level 3.9 Fighting
 - Level 2.1 Maces & Flails
 + Level 4.4 Armour
 + Level 4.9 Shields


You had 4 spell levels left.
You didn't know any spells.
Your spell library contained the following spells:

 Spells                   Type           Power      Damage    Failure   Level
 Sting                    Tmut/Pois      0%         1d3       99%         1
 Stone Arrow              Conj/Erth      0%         3d7       100%        3
 Bolt of Magma            Conj/Fire/Erth 0%         4d4       100%        5
 Shatter                  Erth           0%         3d5*      100%        9


Dungeon Overview and Level Annotations

Branches:
Dungeon (3/15)             Temple (0/1) D:4

Altars:
Ashenzari

Annotations:
D:3 1 transporter


Innate Abilities, Weirdness & Mutations

You are immune to sickness and miasma.
Your stone body is resilient. (AC +4)
You are immune to poison.
You resist negative energy. (rN+)
You are resistant to electric shocks. (rElec)
You are resistant to unholy torment.
You are immune to petrification.


Message History

No target in view!
No target in view!
No target in view!
No target in view!
No target in view!
No target in view!
No target in view!
No target in view!
Things that are here:
a +0 club; a +0 leather armour An ogre comes into view.
It is wielding a +0 giant spiked club.
Things that are here:
a +0 dagger; a +0 whip; an orc corpse An ogre is nearby!
An ogre is nearby!
An ogre is nearby!
An ogre is nearby!
An ogre is nearby!
An ogre is nearby!
An ogre is nearby!
You hit the ogre.
The ogre is moderately wounded.
The ogre hits you with a +0 giant spiked club!
An iguana comes into view.
The iguana hisses angrily.
You hit the ogre.
The ogre is moderately wounded.
You block the ogre's attack.
You don't know any spells.
You completely miss the ogre.
The ogre is moderately wounded.
The ogre hits you with a +0 giant spiked club!!
Ouch! That really hurt!
* * * LOW HITPOINT WARNING * * *
Unknown command.
An orc comes into view. It is wielding a +0 whip.
You aren't carrying any scrolls.
You feel very mighty all of a sudden.
The ogre hits you with a +0 giant spiked club!
You die...

.. ## . .# . .#
.#. #.. #.# ##
#.# #.#.### #@#
......!#####O#
#...#.o..l.l.###
..........)....#
..........)###.#
.#.#####.#.# #.#
#.##.###.# ..#
#.#...#
######.#.###


You could see an ogre and an iguana.

Vanquished Creatures
  Ijyb (D:4)
  An orc wizard (D:4)
  An adder (D:2)
  An ufetubus (D:4)
  2 adder skeletons (D:4)
  A worm (D:2)
  6 orcs (D:4)
  A bat (D:1)
  3 endoplasms
  A giant cockroach (D:1)
  3 goblins (D:1)
  6 hobgoblins
  14 jackals
  4 kobolds
  2 quokkas (D:1)
  3 ball pythons
  3 rats (D:2)
53 creatures vanquished.

Vanquished Creatures (others)
  An orc (D:4)
1 creature vanquished.

Grand Total: 54 creatures vanquished

Notes
Turn   | Place    | Note
-------+----------+-------------------------------------------
     0 | D:1      | zeram the Gargoyle Fighter began the quest for the Orb.
     0 | D:1      | Reached XP level 1. HP: 14/14 MP: 1/1
   313 | D:1      | Reached XP level 2. HP: 14/19 MP: 2/2
   780 | D:2      | Reached XP level 3. HP: 23/23 MP: 3/3
  1353 | D:2      | Found a faded altar of an unknown god.
  1360 | D:2      | Got Plato's Tome of Envenoming
  1537 | D:2      | Reached XP level 4. HP: 29/29 MP: 4/4
  1584 | D:3      | Noticed a bullfrog
  1584 | D:3      | Noticed a sky beast
  1584 | D:3      | Found a broken altar of Ashenzari.
  1584 | D:3      | Found a transporter.
  1585 | D:3      | You fall into a shaft and drop 1 floor!
  1729 | D:4      | Noticed Ijyb
  1741 | D:4      | Killed Ijyb
  1874 | D:4      | Reached XP level 5. HP: 33/33 MP: 5/5
  1973 | D:4      | Found a staircase to the Ecumenical Temple.
  2190 | D:4      | Noticed an ogre
  2203 | D:4      | Mangled by an ogre

Illustrated notes

Levels and vault maps discovered:
D:1:      eino_arrival_cavern_a, layout_basic, minmay_misc_feat_cross
D:2:      layout_rooms, shapermc_ecumenical_altar_rom_forum, kennysheep_nub,
          st_stairs_12, grunt_decor_junction, minmay_misc_feat_alley
D:3:      layout_rooms, nzn_wu_jian_council_hall,
          gammafunk_temple_overflow_arena
D:4:      layout_loops_ring, temple_green, uniq_edmund, uniq_crazy_yiuf_cottage,
          uniq_ijyb

Skill      XL: |  1  2  3 |
---------------+----------+-----
Shields        | 4 |  4.9
Armour         | 4 |  4.4
Fighting       | |  3.9
Maces & Flails | |  2.1

Action                   |  1- 3 |  4- 6 || total
-------------------------+-------+-------++-------
Melee: Flail             |    21 |       ||    21
       Dagger            |   135 |    91 ||   226
  Use: Scroll            |     3 |     2 ||     5
       Potion            |       |     2 ||     2
Armor: Scale mail        |    92 |    63 ||   155
Dodge: Dodged            |    58 |    27 ||    85
Block: Kite shield       |    83 |    52 ||   135
